 Dungeon Crawl Stone Soup version 0.30.1-11-g7821555f0a (webtiles) character file.

Game seed: 2606730495841071926

14681 BoneyBoi1234 the Basher (level 11, -9/102 HPs)
             Began as a Minotaur Fighter on Nov 6, 2023.
             Was a High Priest of Okawaru.
             Mangled by an orc warrior
             ... wielding a +0 glaive
             ... led by an orc warlord
              (21 damage)
             ... while paralysed by an orc sorcerer
             ... on level 1 of the Orcish Mines.
             The game lasted 00:24:02 (12898 turns).

BoneyBoi1234 the Basher (Minotaur Fighter)         Turns: 12898, Time: 00:24:03

Health: -9/102     AC: 18    Str: 25    XL:     11   Next: 91%
Magic:  0/14       EV:  2    Int:  5    God:    Okawaru [*****.]
Gold:   620        SH:  0    Dex: 16    Spells: 12/12 levels left

rFire   . . .        D - +6 flail (drain)
rCold   . . .        c - +0 buckler
rNeg    + . .        E - +0 plate armour
rPois   .            u - +1 hat
rElec   .            (no cloak)
rCorr   .            (no gloves)
SInv    .            B - +1 pair of boots
Will    .....        r - amulet of guardian spirit Stlth
                     y - ring of positive energy
HPRegen 0.37/turn    A - +6 ring of dexterity
MPRegen 0.14/turn

%: guardian spirit
@: paralysed
A: horns 2, retaliatory headbutt
a: Renounce Religion, Heroism, Finesse, Duel


You were on level 1 of the Orcish Mines.
You worshipped Okawaru.
Okawaru was extremely pleased with you.
You visited 3 branches of the dungeon, and saw 15 of its levels.

You collected 788 gold pieces.
You spent 168 gold pieces at shops.

Inventory:

Hand Weapons
 D - a +6 flail of draining (weapon)
 J - a +5 flail
 P - a +0 dire flail
 U - a +0 morningstar
Missiles
 v - a throwing net
Armour
 c - a +0 buckler (worn)
 u - a +1 hat (worn)
 x - +0 acid dragon scales
 B - a +1 pair of boots (worn)
 E - a +0 plate armour (worn)
 L - +0 steam dragon scales
 T - the +2 cloak of the Thief {*Fog Slay-2 SInv Stlth+}
   (Okawaru gifted it to you on level 12 of the Dungeon)

   *Fog:      It may release a thick cloud of smoke when the wearer is hurt.
   Slay:      It affects your accuracy & damage with ranged weapons and melee
   (-2).
   SInv:      It lets you see invisible.
   Stlth:     It makes you more stealthy.
Jewellery
 g - a ring of willpower
 k - a ring of fire
 r - an amulet of guardian spirit (around neck)
 y - a ring of positive energy (left hand)
 A - a +6 ring of dexterity (right hand)
 F - a ring of fire
 I - a ring of wizardry
 K - a ring of magical power
 R - a +4 ring of protection
 S - a +4 ring of protection
Wands
 n - a wand of roots (13) (quivered)
 H - a wand of paralysis (16)
Scrolls
 h - 3 scrolls of magic mapping
 i - 7 scrolls of teleportation
 p - 3 scrolls of fog
 q - 4 scrolls of noise
 t - 4 scrolls of poison
 w - a scroll of amnesia
 G - 3 scrolls of immolation
 M - a scroll of vulnerability
 O - 2 scrolls of fear
 Q - a scroll of silence {unknown}
Potions
 a - 2 potions of lignification
 b - a potion of berserk rage
 d - 2 potions of might
 e - a potion of resistance
 f - 3 potions of haste
 j - a potion of brilliance
 l - 4 potions of flight
 m - 2 potions of attraction {unknown}
 o - 2 potions of degeneration {unknown}
 s - 2 potions of mutation {unknown}
 z - 6 potions of curing
 C - a potion of ambrosia {unknown}
 N - a potion of cancellation {unknown}


   Skills:
 + Level 11.1 Fighting
 * Level 12.8 Maces & Flails
 + Level 11.2 Armour
 + Level 11.1 Shields
 - Level 1.4 Spellcasting
 + Level 5.3 Invocations


You had 12 spell levels left.
You didn't know any spells.
Your spell library contained the following spells:

 Spells                   Type           Power      Damage    Failure   Level
 Shock                    Conj/Air       0%         1d3       99%         1
 Sting                    Tmut/Pois      0%         1d3       99%         1
 Poisonous Vapours        Pois/Air       0%         N/A       100%        2
 Ozocubu's Armour         Ice            0%         N/A       100%        3
 Portal Projectile        Hex/Tloc       0%         N/A       100%        3
 Swiftness                Air            0%         N/A       100%        3
 Airstrike                Air            0%         2d(0-16)  100%        4
 Cause Fear               Hex            0%         N/A       100%        4
 Olgreb's Toxic Radiance  Pois           0%         N/A       100%        4
 Blade Hands              Tmut           0%         N/A       100%        5
 Metabolic Englaciation   Hex/Ice        0%         N/A       100%        5
 Dragon Form              Tmut           0%         N/A       100%        7
 Tukima's Dance           Hex            Unusable   N/A       N/A         3
 Simulacrum               Ice/Necr       Unusable   N/A       N/A         6
 Dragon's Call            Summ           Unusable   N/A       N/A         9

Dungeon Overview and Level Annotations

Branches:
Dungeon (13/15)            Temple (1/1) D:5            Lair (0/5) D:10
    Orc (1/2) D:10
 Vaults: D:13-14

Altars:
Ashenzari
Cheibriados
Dithmenos
Elyvilon
Fedhas
Gozag
Hepliaklqana
Kikubaaqudgha
Makhleb
Nemelex Xobeh
Okawaru
Qazlal
Ru
Sif Muna
Trog
Uskayaw
Vehumet
Wu Jian
Xom
Yredelemnul
Zin
The Shining One

Shops:
D:9 ?


Innate Abilities, Weirdness & Mutations

You have a pair of horns on your head.
You reflexively headbutt those who attack you in melee.


Message History

Unknown command.
Unknown command.
The orc knight roars a battlecry!
The orc warriors go into a battle-frenzy!
You block the warg's attack.
The orc warlord hits you with a +0 war axe.
The orc warrior hits you from afar with a +0 glaive!!
The orc sorcerer gestures at you while chanting.
You suddenly lose the ability to move!
You stop ascending the stairs.
You hear a shout!
The warg bites you.
The smoke demon hits you but does no damage.
The smoke demon barely misses you. The smoke demon hits you.
The orc warrior hits you but does no damage.
The orc warrior hits you with a +0 hand axe.
The orc warrior hits you from afar with a +0 glaive!
The orc warlord roars a battlecry!
The orc knight goes into a battle-frenzy!
The orc sorcerer hits you but does no damage.
The warg bites you! The smoke demon completely misses you.
The smoke demon hits you but does no damage. x2
The orc warrior hits you but does no damage.
The orc warrior hits you with a +0 hand axe!!
The orc warlord hits you with a +0 war axe!
* * * LOW HITPOINT WARNING * * *
The orc warrior hits you from afar with a +0 glaive!
* * * LOW HITPOINT WARNING * * *
The orc sorcerer hits you with a +0 dagger!
* * * LOW HITPOINT WARNING * * *
An orc priest comes into view. It is wielding a +0 club.
The warg bites you but does no damage.
The orc knight roars a battlecry!
The orc priest goes into a battle-frenzy!
The smoke demon hits you but does no damage. x3
The warg bites you but does no damage.
The orc warrior hits you but does no damage.
The orc warrior hits you with a +0 hand axe.
* * * LOW HITPOINT WARNING * * *
The orc warrior hits you from afar with a +0 glaive!!
You die...

####.... .
##......# ..
##.$.....##...
##..........#..
#..............
##.....)..o....
#$..oo.........
#..oh.o........
##o@ooo...##...
###3h...#.## #
##.o[.......
#..)[...#.#..
##.......###h.
##......# ..
##....#.#
##......#
.......


You could see an orc warlord (strong), an orc knight (strong), a smoke demon
(summoned), 2 wargs, an orc sorcerer (strong), 6 orc warriors and an orc priest
(strong).

Vanquished Creatures
  A centaur warrior (D:7)
  The ghost of kaesle the Chopper, a novice HOFi (D:8)
  Pikel (D:8)
  A deep elf pyromancer (D:12)
  A cyclops (D:12)
  Maggie (D:9)
  5 gargoyles
  An unseen horror (D:12)
  A kobold demonologist (D:7)
  3 trolls
  Prince Ribbit (D:6)
  3 vampires
  5 shadows
  4 slime creatures (D:12)
  A wyvern (D:11)
  10 yaks
  A basilisk (D:13)
  2 steam dragons
  3 vampire mosquitoes (D:12)
  2 wargs
  An acid dragon (D:11)
  2 water moccasins
  6 orc warriors
  A sky beast (D:7)
  An ice beast (D:7)
  An ogre (Orc:1)
  6 centaurs
  A lemure (D:8)
  A kobold brigand (D:10)
  4 bullfrogs
  2 gnoll sergeants
  4 scorpions
  11 wights
  5 killer bees (D:9)
  7 howler monkeys
  An electric eel (D:9)
  A lava snake (D:11)
  8 orc priests
  A gnoll bouda (D:5)
  2 jellies
  3 hounds
  3 sleepcaps
  3 iguanas
  17 orc wizards
  17 gnolls
  6 adders
  A worm (D:2)
  2 dart slugs
  40 orcs
  3 ball pythons
  4 bats
  2 endoplasms
  3 giant cockroaches
  10 goblins
  4 hobgoblins
  11 kobolds
  4 quokkas
  A frilled lizard (D:2)
  5 rats
253 creatures vanquished.

Notes
Turn   | Place    | Note
-------+----------+-------------------------------------------
     0 | D:1      | BoneyBoi1234 the Minotaur Fighter began the quest for the
                  | Orb.
     0 | D:1      | Reached XP level 1. HP: 19/19 MP: 0/0
   206 | D:1      | Reached XP level 2. HP: 15/27 MP: 1/1
   335 | D:1      | You fall into a shaft and drop 1 floor!
   357 | D:2      | Reached XP level 3. HP: 21/33 MP: 2/2
   569 | D:1      | Reached skill level 3 in Maces & Flails
   925 | D:2      | Reached XP level 4. HP: 40/40 MP: 3/3
  1448 | D:3      | Reached skill level 4 in Maces & Flails
  1448 | D:3      | Reached XP level 5. HP: 39/47 MP: 2/4
  2030 | D:4      | Reached skill level 5 in Armour
  2036 | D:4      | Reached XP level 6. HP: 24/55 MP: 0/5
  2055 | D:4      | Reached skill level 5 in Fighting
  2055 | D:4      | Reached skill level 5 in Shields
  2646 | D:5      | Entered Level 5 of the Dungeon
  2661 | D:5      | Found a staircase to the Ecumenical Temple.
  2680 | Temple   | Entered the Ecumenical Temple
  2779 | Temple   | Became a worshipper of Warmaster Okawaru
  2943 | D:5      | Reached skill level 5 in Maces & Flails
  3176 | D:5      | Reached XP level 7. HP: 61/61 MP: 7/7
  3195 | D:5      | Reached skill level 1 in Spellcasting
  3570 | D:5      | Reached * piety under Okawaru
  3757 | D:5      | Found a glowing silver altar of Zin.
  4420 | D:6      | Reached skill level 6 in Maces & Flails
  4462 | D:6      | Noticed Prince Ribbit
  4483 | D:6      | Killed Prince Ribbit
  4484 | D:6      | Reached XP level 8. HP: 59/71 MP: 5/9
  4951 | D:7      | Reached ** piety under Okawaru
  5315 | D:7      | Reached skill level 7 in Maces & Flails
  5479 | D:7      | Reached XP level 9. HP: 80/80 MP: 7/10
  5712 | D:7      | Noticed a kobold demonologist
  5720 | D:7      | Killed a kobold demonologist
  5728 | D:7      | Noticed a centaur warrior
  5743 | D:7      | Killed a centaur warrior
  5743 | D:7      | Reached *** piety under Okawaru
  5744 | D:7      | Reached skill level 8 in Maces & Flails
  6261 | D:8      | Found a runed translucent gate.
  6261 | D:8      | Found a runed translucent gate.
  6261 | D:8      | Found a runed translucent gate.
  6261 | D:8      | Noticed kaesle's ghost (novice HOFi)
  6331 | D:8      | Reached skill level 9 in Maces & Flails
  6436 | D:8      | Reached **** piety under Okawaru
  6437 | D:8      | Reached XP level 10. HP: 61/91 MP: 8/11
  6539 | D:8      | Reached skill level 1 in Invocations
  6977 | D:8      | Killed kaesle's ghost
  7068 | D:8      | Noticed Pikel
  7087 | D:8      | Killed Pikel
  7472 | D:9      | Identified the +2 dagger "Tagg" {heavy, Will+}
  7608 | D:9      | Reached skill level 10 in Maces & Flails
  7889 | D:9      | Found Kaumik's Magic Scroll Shop.
  7907 | D:9      | Reached skill level 10 in Armour
  8165 | D:9      | Bought a scroll of identify for 24 gold pieces
  8165 | D:9      | Bought a scroll of identify for 24 gold pieces
  8165 | D:9      | Bought a scroll of fear for 48 gold pieces
  8165 | D:9      | Bought a scroll of fear for 48 gold pieces
  8165 | D:9      | Bought a scroll of identify for 24 gold pieces
  8196 | D:9      | Found a broken altar of Ashenzari.
  8196 | D:9      | Found a hide-covered altar of Uskayaw.
  8196 | D:9      | Found a bloodstained altar of Trog.
  8523 | D:9      | Noticed Maggie
  8532 | D:9      | Killed Maggie
  8533 | D:9      | Reached skill level 10 in Fighting
  8533 | D:9      | Reached skill level 10 in Shields
  8793 | D:10     | Entered Level 10 of the Dungeon
  8811 | D:10     | Found a staircase to the Lair.
  8852 | D:10     | Found a staircase to the Orcish Mines.
  9060 | D:10     | Reached skill level 11 in Maces & Flails
  9165 | D:10     | Noticed a gargoyle
  9175 | D:10     | Killed a gargoyle
  9176 | D:10     | Reached XP level 11. HP: 70/99 MP: 9/12
  9613 | D:10     | Found a sacrificial altar of Ru.
  9665 | D:11     | Reached ***** piety under Okawaru
 11317 | D:12     | Reached skill level 12 in Maces & Flails
 11652 | D:12     | Noticed a deep elf pyromancer
 11660 | D:12     | Killed a deep elf pyromancer
 11689 | D:12     | Reached skill level 5 in Invocations
 11933 | D:12     | Received a gift from Okawaru
 11933 | D:12     | Found the +2 cloak of the Thief {*Fog Slay-2 SInv Stlth+}
 12522 | Orc:1    | Entered Level 1 of the Orcish Mines
 12650 | Orc:1    | Noticed an orc warlord
 12655 | Orc:1    | Noticed an orc knight
 12662 | Orc:1    | Noticed an orc sorcerer
 12664 | Orc:1    | Noticed an ogre mage
 12895 | Orc:1    | Paralysed by an orc sorcerer for 5 turns
 12898 | Orc:1    | Mangled by an orc warrior

Illustrated notes

Levels and vault maps discovered:
D:1:      saegor_arrival_simple_e, layout_basic, serial_forest,
          infiniplex_forest_straight_2, infiniplex_forest_lined_3,
          infiniplex_forest_corner_2, infiniplex_forest_clump_diagonal
D:2:      layout_rooms, st_stairs_12, kennysheep_generic_room_16
D:3:      layout_loops_ring
D:4:      layout_cave_pods
D:5:      minmay_evil_eye, layout_basic, mainiacjoe_overflow_brackets,
          minmay_temple_entry_wispy
D:6:      layout_gridville, uniq_prince_ribbit1
D:7:      layout_loops_ring, minmay_three_doors
D:8:      layout_basic, ebering_ghost_rock_garden, uniq_pikel
D:9:      layout_basic, gammafunk_temple_overflow_forgotten, serial_shops, shop,
          uniq_maggie
D:10:     layout_roguey, nicolae_ru_the_path_less_chosen, lair_entry_dummy,
          orc_0_dummy
D:11:     layout_gridville, kennysheep_decorative_pillar
D:12:     layout_layer_cave, gauntlet_entry_generic
D:13:     layout_loops_ring, david_vaults_1
Temple:   minmay_crystal_spiral_temple
Orc:1:    nicolae_orc_accident_2, layout_caves, nicolae_volcano_entry_two_sided,
          dreamdust_deal_with_the_devil, guppyfry_orc_lava_fort

Skill      XL: |  1  2  3  4  5  6  7  8  9 10 11 |
---------------+----------------------------------+-----
Armour         | 4 5 6 7 9 10 11 | 11.2
Fighting       | 4 5 6 7 9 10 11 | 11.1
Shields        | 4 5 6 7 9 10 11 | 11.1
Maces & Flails | 3 4 5 6 7 9 11 12 | 12.8
Spellcasting   | 1 |  1.4
Invocations    | 3 5 |  5.3

Action                     |  1- 3 |  4- 6 |  7- 9 | 10-12 || total
---------------------------+-------+-------+-------+-------++-------
  Melee: Flail             |    92 |   115 |   248 |   405 ||   860
         Headbutt          |     8 |    18 |    51 |    91 ||   168
 Invoke: Heroism           |       |       |     4 |     7 ||    11
         Finesse           |       |       |       |     1 ||     1
  Evoke: Wand              |       |     1 |       |     1 ||     2
    Use: Scroll            |     2 |     5 |     2 |    12 ||    21
         Potion            |       |     4 |     1 |     3 ||     8
 Armour: Scale mail        |    41 |       |       |       ||    41
         Chain mail        |    18 |    64 |    28 |       ||   110
         Plate armour      |       |       |   107 |   248 ||   355
  Dodge: Dodged            |    49 |    43 |    97 |   116 ||   305
  Block: Buckler           |    26 |    32 |    81 |   109 ||   248
